 Dungeon Crawl Stone Soup version 0.19-a0-1079-g88a7474 (webtiles) character file.

58 mistymad the Skirmisher (level 4, 0/37 HPs)
             Began as a Formicid Abyssal Knight on Aug 6, 2016.
             Was a Believer of Lugonu.
             Slain by a hobgoblin
             ... wielding a +0 club
              (5 damage)
             ... on level 2 of the Dungeon.
             The game lasted 00:03:06 (1531 turns).

mistymad the Skirmisher (Formicid Abyssal Knight)   Turns: 1531, Time: 00:03:07

Health: 0/37       AC:  3    Str: 18    XL:     4   Next: 21%
Magic:  5/5        EV:  7    Int: 11    God:    Lugonu [**....]
Gold:   55         SH:  0    Dex: 10    Spells: 0 memorised, 3 levels left

rFire  . . .     SeeInvis +     a - +1 mace
rCold  . . .     Gourm    .     b - +0 leather armour
rNeg   . . .     Faith    .     (no shield)
rPois  .         Spirit   .     (helmet unavailable)
rElec  .         Dismiss  .     (no cloak)
rCorr  .         Reflect  .     (no gloves)
SustAt .         Harm     .     (no boots)
MR     .....                    (no amulet)
Stlth  +.........               (no ring)
                                (no ring)

@:
A: permanent stasis, dig shafts and tunnels, four strong arms, antennae 3
a: Dig, Shaft Self, Depart the Abyss, Bend Space, Renounce Religion


You were on level 2 of the Dungeon.
You worshipped Lugonu.
Lugonu was pleased with you.
You were not hungry.

You visited 1 branch of the dungeon, and saw 2 of its levels.
You visited the Abyss 1 time.

You collected 55 gold pieces.

Inventory:

Hand Weapons
 a - a +1 mace (weapon)
Armour
 b - a +0 leather armour (worn)
Scrolls
 g - a scroll of enchant armour {unknown}
 i - a scroll of random uselessness {unknown}
 j - a scroll of immolation {unknown}
 m - a scroll of amnesia {unknown}
 n - a scroll of noise {unknown}
Potions
 d - a potion of cure mutation {unknown}
 e - 2 potions of curing {unknown}
 f - a potion of haste {unknown}
 k - a potion of resistance
Comestibles
 c - a bread ration
 h - a slice of pizza
 l - 3 chunks of flesh


   Skills:
 + Level 3.8 Fighting
 + Level 2.7 Maces & Flails
 + Level 2.5 Armour
 + Level 2.0 Dodging
 - Level 2.1 Invocations


You had 3 spell levels left.
You didn't know any spells.

Dungeon Overview and Level Annotations

Branches:
Dungeon (2/15)

Altars:

Annotations:
D:2 Natasha


Innate Abilities, Weirdness & Mutations

You are under a permanent stasis effect.
You can dig through walls and to a lower floor.
Your four strong arms can wield two-handed weapons with a shield.
You have a pair of large antennae on your head. (SInv)


Message History

The hobgoblin shouts!
A hobgoblin comes into view. It is wielding a club.
You barely miss the kobold. The kobold hits you with a mace.
Natasha, Servant of Life and Death comes into view.
You take 3 damage, and have 12/37 hp.
You sock the kobold!
You kill the kobold!
Lugonu accepts your kill. Natasha casts a spell at you.
The magic dart hits you!
* * * LOW HITPOINT WARNING * * *
The hobgoblin closely misses you.
You take 4 damage, and have 8/37 hp.
The hobgoblin hits you with a club.
* * * LOW HITPOINT WARNING * * *
Natasha drinks a potion.
Natasha suddenly seems more resistant.
You take 3 damage, and have 5/37 hp.
There is a stone staircase leading down here.
The hobgoblin hits you with a club.
You die...

#...####.#.# #.........
#...#.#### #.........
.######...#.####.........
..............##.........
......##......##.........
........#...#.##.........
..#...........##.........
.....##.###..............
........@.###............
......#.g.####...........
......##.........##......
.......##....##### ######
......)...#.....#
..................
......{..##.#.....
.....{.... >####..
....{........ #


You could see a hobgoblin.

Vanquished Creatures
  An ooze (D:1)
  2 dart slugs (D:1)
  2 worms (D:2)
  A giant gecko (D:1)
  6 bats
  A giant cockroach (D:1)
  4 goblins
  3 hobgoblins (D:1)
  4 jackals (D:1)
  7 kobolds
  A quokka (D:2)
  2 giant newts
  8 rats
42 creatures vanquished.

Notes
Turn   | Place    | Note
-------+----------+-------------------------------------------
     0 | Abyss:1  | mistymad the Formicid Abyssal Knight began the quest for the Orb.
     0 | Abyss:1  | Reached XP level 1. HP: 18/18 MP: 2/2
    25 | Abyss:1  | Noticed a starcursed mass
    28 | Abyss:1  | Noticed an apocalypse crab
    29 | D:1      | Escaped the Abyss
   249 | D:1      | Reached skill level 1 in Dodging
   263 | D:1      | Reached XP level 2. HP: 13/24 MP: 3/3
   416 | D:1      | Reached * piety under Lugonu
   552 | D:1      | Reached XP level 3. HP: 28/29 MP: 4/4
  1085 | D:1      | Reached ** piety under Lugonu
  1342 | D:2      | Reached XP level 4. HP: 35/37 MP: 5/5
  1525 | D:2      | Noticed Natasha
  1531 | D:2      | Slain by a hobgoblin

Vault maps used:
D:1:      lemuel_arrival_cross
D:2:      serial_curves, eino_curves_02, eino_curves_03,
          nemelex_spade_bored_becter, uniq_natasha

Skill      XL: |  1  2  3  4 |
---------------+-------------+-----
Dodging        | 1 2 |  2.0
Fighting       | |  3.8
Maces & Flails | |  2.7
Armour         | |  2.5
Invocations    | |  2.1

Action                   |  1- 3 |  4- 6 || total
-------------------------+-------+-------++-------
Melee: Mace              |   124 |    26 ||   150
Invok: Depart the Abyss  |     1 |       ||     1
 Abil: Dig               |     3 |       ||     3
  Eat: Chunk             |     1 |     2 ||     3
Armor: Leather armour    |    52 |     2 ||    54
Dodge: Dodged            |    97 |     8 ||   105
